 Dungeon Crawl Stone Soup version 0.28.0-53-g5a82cb258f (webtiles) character file.

Game seed: 1603366969367658780

21 gobodom the Magician (level 2, 0/19 HPs)
             Began as a Demonspawn Hedge Wizard on June 7, 2022.
             Slain by a quokka (2 damage)
             ... on level 2 of the Dungeon.
             The game lasted 00:06:13 (1311 turns).

gobodom the Magician (Demonspawn Hedge Wizard)      Turns: 1311, Time: 00:06:14

Health: 0/19       AC:  3    Str: 10    XL:     2   Next: 62%
Magic:  6/6        EV:  6    Int: 15    God:
Gold:   39         SH:  0    Dex: 12    Spells: 7/8 levels left

rFire   . . .      SeeInvis .   a - +0 dagger
rCold   . . .      Faith    .   (no shield)
rNeg    . . .      Spirit   .   b - +0 robe
rPois   .          Reflect  .   c - +0 hat
rElec   .          Harm     .   e - +0 cloak
rCorr   .          Rampage  .   (no gloves)
Will    .....                   (no boots)
Stlth   ++........              (no amulet)
HPRegen 0.06/turn               (no ring)
MPRegen 0.10/turn               (no ring)

@: held
A: hooves 1
a: no special abilities


You were on level 2 of the Dungeon.
You visited 1 branch of the dungeon, and saw 2 of its levels.

You collected 39 gold pieces.

Inventory:

Hand Weapons
 a - a +0 dagger (weapon)
Missiles
 d - 80 stones
 f - 20 bolts
 g - 3 boomerangs
 h - 3 silver javelins
 i - 16 arrows
Armour
 b - a +0 robe (worn)
 c - a +0 hat (worn)
 e - a +0 cloak (worn)
Scrolls
 j - a scroll of identify {unknown}


   Skills:
 + Level 2.1 Dodging
 + Level 1.9 Stealth
 + Level 3.5 Spellcasting
 + Level 1.0 Conjurations
 + Level 1.0 Summonings
 + Level 0.8 Translocations


You had 7 spell levels left.
You knew the following spells:

 Your Spells              Type           Power      Damage    Failure   Level
a - Magic Dart            Conj           20%        1d4       12%         1

Your spell library contained the following spells:

 Spells                   Type           Power      Damage    Failure   Level
 Slow                     Hex            8%         N/A       19%         1
 Call Imp                 Summ           5%         N/A       19%         2
 Blink                    Tloc           10%        N/A       21%         2
 Conjure Flame            Conj/Fire      4%         6-21      41%         3
 Mephitic Cloud           Conj/Pois/Air  3%         N/A       43%         3


Dungeon Overview and Level Annotations

Branches:
Dungeon (2/15)

Altars:


Innate Abilities, Weirdness & Mutations

You have large cloven feet.


Message History

The bat hits you but does no damage. The bat completely misses you.
You closely miss the bat. Your kick misses the bat.
The gnoll shouts!
The bat hits you but does no damage.
A gnoll comes into view. It is wielding a +0 spear.
The bat hits you but does no damage.
You closely miss the bat.
The gnoll shouts!
You kick the bat.
You kill the bat!
You hear a shout!
The gnoll hits you from afar with a +0 spear.
You miss the quokka.
The quokka bites you but does no damage.
The gnoll misses you. The quokka completely misses you.
The gnoll shouts!
You hit the quokka but do no damage. Your kick misses the quokka.
You hear a shout! x2
The quokka bites you. The gnoll completely misses you.
The gnoll hits the plant with a +0 spear.
The plant begins to die.
You barely miss the quokka. You kick the quokka.
The quokka is heavily wounded.
The quokka bites you.
The gnoll hits you from afar with a +0 spear.
The gnoll hits the plant with a +0 spear.
The plant begins to die.
You closely miss the quokka.
The quokka is heavily wounded.
The quokka bites you but does no damage.
The gnoll throws a throwing net.
The throwing net hits you.
You become entangled in the net!
The gnoll hits the plant with a +0 spear.
You struggle against the net.
The quokka barely misses you.
The gnoll hits you from afar with a +0 spear.
* * * LOW HITPOINT WARNING * * *
You struggle against the net.
The quokka barely misses you. The gnoll barely misses you.
The gnoll closely misses you. The quokka bites you.
You die...

##.... ....
..>. ..< .
♣♣##.. #..
....# ... #..#
..###
#.<#......
#g@r....#
#..†.....#
....#g......#
PPg.P....#.....
P$P..........#.
..PP.P...###.#
..P.....## ...
P....P..# #.


You could see 3 gnolls and a quokka.

Vanquished Creatures
  3 bats
  3 giant cockroaches (D:1)
  A goblin (D:1)
  2 hobgoblins (D:1)
  A quokka (D:1)
  2 ball pythons (D:1)
  3 frilled lizards (D:1)
  A kobold (D:1)
  5 rats
21 creatures vanquished.

Vanquished Creatures (others)
  A plant (D:1)
1 creature vanquished.

Grand Total: 22 creatures vanquished

Notes
Turn   | Place    | Note
-------+----------+-------------------------------------------
     0 | D:1      | gobodom the Demonspawn Hedge Wizard began the quest for the
                  | Orb.
     0 | D:1      | Reached XP level 1. HP: 13/13 MP: 4/4
   506 | D:1      | Discovered your monstrous ancestry.
   506 | D:1      | Gained mutation: You have large cloven feet. [demonic
                  | ancestry]
   506 | D:1      | Reached XP level 2. HP: 16/19 MP: 3/6
  1311 | D:2      | Slain by a quokka

Illustrated notes

Levels and vault maps discovered:
D:1:      onia_arrival_mini_maze_b, layout_loops_ring, st_stairs_12
D:2:      layout_rooms, shapermc_ecumenical_altar_ellora,
          minmay_tree_intersection, minivault_24, nicolae_grassy_gnolls,
          uniq_jessica

Skill      XL: |  1 |
---------------+----+-----
Dodging        | 2 |  2.1
Stealth        | |  1.9
Spellcasting   | |  3.5
Conjurations   | |  1.0
Summonings     | |  1.0
Translocations | |  0.8

Action                   || total
-------------------------++-------
Melee: Dagger            ||    55
       Punch             ||     1
       Kick              ||     7
 Cast: Magic Dart        ||    23
  Use: Scroll            ||     2
       Potion            ||     1
 Stab: Sleeping          ||     2
Armor: Robe              ||    13
Dodge: Dodged            ||    33
